Map: Wrak ER

Players

PinGuiNPL - Winner!

  • Race: Protoss Protoss
  • Spawn Location: 6:00

SI 1 (Elitarna) - Winner!

  • Race: Protoss Protoss
  • Spawn Location: 5:00

SI 2 (Elitarna) - Winner!

  • Race: Protoss Protoss
  • Spawn Location: 5:00

SI 3 (Trudniejsza)

  • Race: Terran Terran
  • Spawn Location: 12:00

SI 4 (Trudniejsza)

  • Race: Protoss Protoss
  • Spawn Location: 9:00

SI 5 (Trudniejsza)

  • Race: Protoss Protoss
  • Spawn Location: 11:00

VOD

Have the link to the VOD?

Description

Time

  • Played on: May 10, 2019, 1:51 p.m.
  • Length: 13:37
Show
View Real Time Build Order
Export as new Build Order

PinGuiNPL Protoss - Winner!

Build Orders:  

Get SALT Encoding   

  12  0:00  Probe  
  13  0:13  Probe  
  14  0:18  Pylon  
  14  0:25  Probe  
  15  0:37  Probe  
  15  0:40  Gateway  
  16  0:49  Probe  
  17  0:50  Assimilator  
  17  1:01  Probe  
  18  1:09  Pylon  
  18  1:12  Probe  
  19  1:21  Probe  
  20  1:28  Cybernetics Core  
  20  1:29  Probe  
  20  1:31  Zealot  
  22  1:38  Assimilator  
  23  1:49  Pylon  
  23  1:53  Probe  
  24  2:05  Twilight Council  
  24  2:08  Gateway  
  24  2:09  Warp Gate  
  24  2:20  Stalker  
  24  2:22  Probe  
  27  2:45  Resonating Glaives  
  27  2:50  Adept  
  29  2:55  Adept  
  31  3:10  Nexus  
  31  3:20  Adept  
  31  3:25  Adept  
  35  3:32  Pylon  
  35  3:43  Templar Archives  
  35  3:51  Probe  
  36  4:00  Gateway  
  36  4:03  Probe  
  36  4:06  Adept  
  39  4:10  Adept  
  41  4:23  Pylon  
  41  4:24  Charge  
  41  4:30  Robotics Facility  
  41  4:39  Probe  
  42  4:47  Probe  
  42  4:51  Probe  
  44  4:53  Stalker  
  44  4:59  Probe  
  47  5:03  Probe  
  48  5:11  Probe  
  49  5:15  Probe  
  50  5:21  Pylon  
  50  5:23  Probe  
  50  5:28  Probe, Observer  
  53  5:31  Adept x2  
  53  5:32  Adept  
  53  5:51  Gateway  
  53  5:55  Zealot x3  
  59  6:09  Probe, Stargate  
  59  6:10  Probe  
  61  6:17  Assimilator  
  61  6:21  Probe  
  61  6:22  Probe, Assimilator  
  63  6:30  Zealot x3  
  63  6:34  Probe x2  
  53  6:51  Adept x2  
  53  6:52  Adept x2  
  61  6:55  Immortal  
  61  6:58  Void Ray  
  69  7:02  Stargate  
  69  7:11  Gateway  
  69  7:15  Gateway  
  69  7:20  Pylon  
  69  7:22  Pylon  
  70  7:30  Probe  
  70  7:37  Forge  
  70  7:48  Blink  
  70  7:51  Pylon  
  70  7:52  Void Ray  
  74  8:05  Adept x5  
  84  8:14  Void Ray  
  88  8:28  Stargate  
  88  8:32  Pylon  
  88  8:34  Pylon  
  88  8:36  Pylon  
  88  8:37  Zealot x3  
  88  8:38  Zealot x3  
  100  9:00  Phoenix  
  100  9:01  Phoenix  
  104  9:37  Void Ray x3  
  116  9:41  Zealot x3  
  116  9:42  Zealot x2  
  126  9:56  Pylon  
  126  9:59  Pylon  
  126  10:02  Pylon  
  126  10:05  Pylon  
  126  10:09  Pylon, Protoss Shields Level 1  
  126  10:12  Pylon, Protoss Air Weapons Level 1  
  126  10:19  Void Ray  
  126  10:20  Phoenix  
  132  10:22  Pylon  
  132  10:23  Pylon  
  130  11:56  Void Ray  
  130  11:57  Void Ray x2  
  126  12:39  Void Ray  
  126  12:40  Void Ray x2  
Show
View Real Time Build Order
Export as new Build Order

SI 1 (Elitarna) Protoss - Winner!

Build Orders:  

Get SALT Encoding   

  12  0:01  Probe  
  13  0:13  Probe  
  14  0:21  Pylon  
  14  0:25  Probe  
  15  0:35  Probe  
  16  0:44  Probe  
  17  0:53  Probe  
  18  1:01  Probe  
  18  1:06  Nexus  
  18  1:10  Probe  
  19  1:12  Assimilator  
  20  1:21  Assimilator  
  20  1:23  Probe  
  21  1:37  Probe, Gateway  
  22  1:47  Pylon  
  22  1:49  Probe  
  23  2:02  Probe  
  24  2:10  Probe  
  24  2:14  Probe  
  25  2:20  Probe  
  27  2:28  Cybernetics Core  
  27  2:32  Probe  
  27  2:34  Probe  
  29  2:44  Probe  
  29  2:46  Probe  
  31  2:56  Probe  
  32  3:02  Probe  
  32  3:05  Probe  
  33  3:08  Stargate  
  33  3:10  Stargate  
  34  3:13  Probe x2, Pylon  
  36  3:21  Probe  
  36  3:23  Probe  
  38  3:28  Pylon  
  38  3:45  Probe, Void Ray  
  38  3:47  Probe  
  40  3:52  Zealot  
  40  3:54  Void Ray  
  50  3:57  Probe  
  50  3:59  Probe  
  52  4:17  Gateway  
  52  4:19  Probe  
  53  4:24  Pylon, Void Ray  
  53  4:25  Probe  
  53  4:31  Probe  
  58  4:32  Pylon  
  58  4:37  Probe  
  60  4:42  Void Ray  
  60  4:43  Pylon  
  64  4:54  Robotics Facility  
  64  4:57  Probe  
  64  4:59  Probe  
  66  5:03  Zealot  
  66  5:05  Assimilator  
  66  5:08  Assimilator  
  66  5:09  Probe, Zealot, Phoenix  
  66  5:11  Probe  
  74  5:21  Zealot  
  74  5:28  Probe x2  
  75  5:35  Pylon, Void Ray  
  82  5:40  Probe  
  82  5:41  Probe  
  84  5:51  Forge  
  84  5:52  Probe  
  84  5:53  Forge, Void Ray, Probe  
  90  6:00  Pylon  
  90  6:07  Warp Gate  
  90  6:17  Void Ray  
  94  6:20  Zealot  
  94  6:22  Pylon  
  96  6:35  Stalker  
  96  6:36  Phoenix  
  100  6:44  Pylon, Stalker  
  102  6:54  Void Ray  
  102  6:55  Gateway  
  102  6:57  Protoss Ground Weapons Level 1  
  102  6:58  Pylon  
  106  7:05  Zealot  
  108  7:09  Observer  
  108  7:14  Stalker  
  111  7:23  Pylon, Stalker  
  111  7:26  Photon Cannon  
  111  7:31  Pylon, Protoss Ground Armor Level 1  
  111  7:34  Stargate  
  113  7:42  Zealot  
  115  7:44  Zealot  
  117  7:53  Fleet Beacon  
  117  7:57  Photon Cannon  
  117  8:01  Photon Cannon  
  117  8:02  Warp Prism  
  117  8:05  Photon Cannon  
  119  8:18  Void Ray  
  123  8:21  Gateway  
  123  8:27  Pylon  
  123  8:32  Void Ray  
  127  8:37  Photon Cannon, Tempest  
  132  8:53  Pylon  
  132  8:56  Warp Prism  
  132  8:57  Tempest  
  131  9:13  Zealot, Stalker  
  131  9:14  Zealot, Photon Cannon  
  131  9:15  Zealot, Phoenix  
  129  9:20  Gateway  
  129  9:22  Protoss Air Weapons Level 1  
  127  9:26  Phoenix  
  127  9:29  Void Ray  
  121  9:33  Zealot  
  121  9:34  Stalker  
  121  9:35  Zealot  
  127  9:45  Stalker  
  115  9:53  Stalker  
  113  10:03  Void Ray  
  113  10:11  Photon Cannon  
  113  10:17  Void Ray  
  113  10:20  Gateway  
  117  10:31  Void Ray  
  117  10:34  Zealot  
  123  10:36  Void Ray  
  123  10:43  Zealot  
  123  10:44  Zealot x2  
  123  10:46  Zealot  
  123  10:49  Zealot  
  135  10:58  Pylon  
  135  11:00  Void Ray  
  135  11:03  Zealot  
  135  11:04  Zealot x2  
  143  11:06  Zealot  
  143  11:07  Zealot  
  147  11:14  Void Ray  
  147  11:15  Zealot  
  151  11:23  Zealot  
  151  11:24  Zealot  
  151  11:25  Zealot  
  157  11:26  Zealot  
  157  11:27  Pylon, Void Ray  
  157  11:28  Zealot  
  163  11:34  Observer  
  163  11:38  Stalker  
  162  11:54  Phoenix  
  162  11:55  Observer  
  162  11:56  Photon Cannon  
  165  12:04  Phoenix  
  167  12:49  Probe  
Show
View Real Time Build Order
Export as new Build Order

SI 2 (Elitarna) Protoss - Winner!

Build Orders: Blink Stalkers, Zealot Archon 

Get SALT Encoding   

  12  0:01  Probe  
  13  0:13  Probe  
  14  0:22  Pylon  
  14  0:25  Probe  
  15  0:36  Probe  
  16  0:44  Probe  
  16  0:49  Assimilator  
  17  0:53  Probe, Gateway  
  18  1:01  Probe  
  18  1:03  Pylon  
  18  1:09  Probe  
  20  1:20  Probe  
  21  1:37  Assimilator  
  21  1:38  Probe  
  24  1:40  Zealot  
  24  1:42  Cybernetics Core  
  24  1:50  Probe  
  25  2:00  Probe  
  25  2:08  Pylon, Probe  
  26  2:11  Warp Gate  
  27  2:19  Stalker  
  27  2:22  Twilight Council  
  29  2:33  Probe, Gateway  
  30  2:45  Probe  
  30  2:49  Stalker  
  33  2:51  Blink  
  33  3:07  Gateway  
  33  3:19  Stalker  
  35  3:24  Pylon  
  35  3:25  Stalker  
  37  3:27  Probe  
  38  3:40  Probe  
  38  3:49  Stalker  
  38  3:52  Probe  
  38  3:55  Stalker  
  43  4:02  Stalker  
  45  4:10  Pylon  
  45  4:17  Pylon  
  45  4:25  Stalker  
  45  4:28  Zealot  
  49  4:32  Adept  
  51  4:41  Robotics Facility  
  51  4:48  Adept x2  
  55  4:53  Adept  
  57  5:17  Nexus  
  57  5:23  Templar Archives  
  57  5:28  Immortal  
  61  5:55  Pylon  
  61  6:00  High Templar  
  63  6:13  Zealot  
  65  6:19  High Templar  
  65  6:20  Pylon  
  67  6:27  Forge  
  67  6:29  Zealot  
  67  6:30  Probe x2  
  71  6:33  Archon  
  71  6:37  Assimilator  
  71  6:42  Probe  
  71  6:43  Probe  
  73  6:50  High Templar  
  73  6:52  Assimilator  
  75  6:54  Probe  
  75  6:55  Probe  
  75  6:57  Zealot  
  79  7:02  Zealot  
  79  7:06  Probe  
  79  7:08  Probe  
  79  7:17  High Templar  
  79  7:18  Probe  
  79  7:20  Probe  
  83  7:24  Sentry  
  83  7:26  Observer  
  83  7:28  Pylon  
  85  7:30  Probe  
  85  7:32  Probe  
  85  7:34  Archon  
  88  7:42  Probe  
  89  7:44  Probe  
  89  7:46  High Templar  
  92  7:52  Pylon  
  92  7:54  Probe  
  92  7:56  Probe  
  92  7:58  Forge  
  94  8:00  High Templar  
  94  8:04  Stalker  
  98  8:06  Probe  
  98  8:08  Probe  
  100  8:17  Archon  
  100  8:18  Pylon, Sentry  
  100  8:19  Probe  
  103  8:20  Probe  
  104  8:28  High Templar  
  104  8:31  Probe  
  104  8:33  Probe  
  108  8:42  High Templar  
  108  8:43  Probe  
  108  8:45  Probe, Pylon  
  112  8:48  Pylon  
  112  8:53  Protoss Ground Weapons Level 1  
  112  8:55  Probe  
  113  8:56  Gateway  
  113  8:57  Probe  
  113  8:58  Archon  
  114  9:05  Stalker  
  114  9:07  Protoss Ground Armor Level 1, Probe  
  114  9:09  Photon Cannon  
  117  9:10  Stalker  
  117  9:14  Pylon  
  117  9:15  Stalker  
  121  9:18  Pylon  
  121  9:28  Stalker  
  121  9:29  Immortal  
  127  9:38  Sentry  
  127  9:41  Photon Cannon  
  127  9:45  Photon Cannon  
  129  9:53  Stalker  
  129  9:56  Gateway  
  129  9:58  Stalker  
  133  10:00  Adept  
  133  10:01  Pylon  
  133  10:04  Stalker  
  135  10:08  Immortal  
  139  10:19  Photon Cannon  
  139  10:24  Sentry  
  139  10:25  Pylon  
  140  10:36  Photon Cannon  
  140  10:40  Sentry  
  142  10:42  Zealot  
  142  10:43  Zealot  
  142  10:45  Zealot  
  142  10:48  Probe, Immortal  
  152  10:50  Zealot  
  152  10:54  Pylon  
  154  10:57  Zealot  
  154  11:01  Gateway  
  156  11:04  Zealot  
  156  11:05  Zealot x2  
  156  11:07  Robotics Facility  
  156  11:11  Zealot  
  158  11:17  Stalker  
  160  11:21  Warp Prism  
  160  11:24  Zealot  
  160  11:25  Pylon, Zealot  
  164  11:26  Stalker  
  164  11:32  Zealot  
  170  11:44  Photon Cannon  
  170  11:45  Stalker  
  172  11:48  Pylon  
  172  11:52  Forge, Warp Prism  
  173  11:54  Observer  
  175  12:01  Robotics Facility  
  175  12:10  Stargate  
  175  12:14  Pylon  
  176  12:15  Observer  
  176  12:21  Robotics Bay  
  176  12:26  Photon Cannon  
  176  12:28  Observer  
  177  12:32  High Templar  
  179  12:43  Pylon  
  179  12:46  High Templar  
  181  13:02  Gateway  
  181  13:03  Archon  
  181  13:04  High Templar  
  183  13:08  Photon Cannon  
  183  13:24  High Templar  
Show
View Real Time Build Order
Export as new Build Order

SI 3 (Trudniejsza) Terran 

Build Orders:  

Get SALT Encoding   

  12  0:01  SCV  
  13  0:13  SCV  
  14  0:20  Supply Depot  
  14  0:25  SCV  
  15  0:41  SCV  
  16  0:45  Barracks  
  16  0:51  Refinery  
  16  0:53  SCV  
  17  1:06  SCV  
  18  1:18  SCV  
  19  1:24  Supply Depot  
  19  1:30  SCV  
  19  1:32  Marine  
  21  1:45  Orbital Command, Barracks  
  21  1:50  Marine  
  21  1:52  Refinery  
  22  2:02  Factory  
  22  2:09  Barracks Tech Lab  
  22  2:23  Supply Depot  
  22  2:27  Marine  
  23  2:32  Marine  
  24  2:45  Marine  
  24  2:50  Marine  
  24  2:51  Hellion  
  28  2:56  Supply Depot  
  28  3:03  Marine  
  29  3:08  Marine  
  29  3:12  Hellion  
  32  3:21  Marine  
  33  3:27  Supply Depot  
  33  3:31  SCV  
  33  3:33  Hellion  
  36  3:43  SCV  
  36  3:45  Engineering Bay  
  37  3:55  Hellion, SCV  
  40  4:07  SCV  
  41  4:16  Hellion  
  43  4:19  SCV  
  43  4:31  SCV  
  43  4:37  Hellion  
  46  4:43  SCV  
  47  4:50  Barracks Tech Lab  
  49  4:52  Marauder  
  49  4:55  Factory  
  49  4:56  SCV  
  50  5:01  Starport  
  50  5:06  Widow Mine  
  52  5:08  Starport, SCV  
  52  5:11  Supply Depot  
  53  5:21  Stimpack  
  53  5:27  Combat Shield  
  53  5:28  Factory Tech Lab  
  53  5:34  Terran Infantry Weapons Level 1  
  51  5:38  Starport Tech Lab  
  51  5:40  Factory Tech Lab, Marine  
  36  5:45  Starport Tech Lab  
  36  5:48  Marine  
  36  5:58  Marine  
  37  6:06  Marine  
  38  6:16  Marine  
  39  6:24  Marine  
  40  6:28  Siege Tank  
  43  6:36  Widow Mine  
  43  6:38  Missile Turret  
  45  6:44  Viking, Missile Turret  
  47  6:47  Supply Depot  
  47  6:58  Siege Tank  
  47  7:00  Banshee  
  55  7:08  Marauder  
  55  7:11  Bunker  
  55  7:16  Barracks, Banshee  
  58  7:28  Terran Infantry Armor Level 1  
  58  7:43  Raven  
  60  7:59  Raven  
  62  8:17  Sensor Tower  
  62  8:39  Armory  
  62  8:53  Marine  
  63  8:56  Marine  
  63  8:59  Supply Depot  
  63  9:02  Marine  
  59  9:03  Command Center  
  35  9:11  Marine  
  35  9:12  Viking  
  35  9:13  Hellion  
  35  9:14  Hellion, Marine  
  43  9:19  Marine  
  43  9:23  Viking  
  43  9:29  Marauder  
  43  9:32  Marine  
  43  9:34  Hellion  
  43  9:37  Hellion  
  43  9:38  Marine  
  43  9:42  Viking  
  43  9:44  SCV  
  43  9:50  Marine  
  43  9:51  Marauder  
  45  9:53  Viking  
  45  9:56  Hellion  
  45  9:58  Hellion, Marine  
  48  10:03  SCV  
  39  10:08  Marauder  
  39  10:11  Marine  
  36  10:15  SCV  
  36  10:16  SCV  
  36  10:17  Hellion  
  36  10:20  Refinery  
  13  10:29  Marine  
  8  10:42  SCV  
  8  10:53  SCV  
  7  11:11  SCV  
  3  11:32  SCV  
Show
View Real Time Build Order
Export as new Build Order

SI 4 (Trudniejsza) Protoss 

Build Orders:  

Get SALT Encoding   

  12  0:01  Probe  
  13  0:13  Probe  
  14  0:22  Pylon  
  14  0:25  Probe  
  15  0:36  Probe  
  16  0:44  Probe  
  16  0:49  Assimilator  
  17  0:53  Probe, Gateway  
  18  1:01  Probe  
  18  1:03  Pylon  
  19  1:24  Probe  
  20  1:41  Zealot  
  20  1:44  Gateway  
  20  1:47  Cybernetics Core  
  22  1:48  Assimilator  
  22  2:03  Pylon  
  22  2:16  Warp Gate  
  22  2:21  Adept  
  24  2:32  Stalker  
  26  2:51  Pylon, Zealot  
  28  3:02  Zealot  
  30  3:18  Adept  
  32  3:24  Pylon  
  32  3:29  Adept  
  34  3:41  Probe  
  34  3:48  Adept  
  37  3:53  Probe  
  37  3:54  Stalker  
  40  4:03  Pylon  
  40  4:06  Probe  
  41  4:16  Forge  
  41  4:18  Probe  
  42  4:25  Adept  
  42  4:30  Probe  
  45  4:34  Adept  
  47  4:42  Probe  
  48  4:45  Adept  
  50  4:54  Probe  
  50  4:55  Adept  
  52  5:06  Probe  
  53  5:14  Probe  
  54  5:54  Stalker  
  56  5:57  Gateway  
  56  6:00  Protoss Ground Weapons Level 1  
  56  6:03  Stalker  
  58  6:05  Pylon  
  58  6:06  Nexus  
  58  6:18  Stalker  
  60  6:27  Stalker  
  60  6:30  Pylon  
  44  6:41  Stalker  
  38  6:50  Adept  
  40  6:58  Stalker  
  42  7:07  Twilight Council, Zealot  
  44  7:16  Zealot  
  44  7:18  Probe  
  44  7:22  Probe  
  48  7:24  Stalker  
  48  7:26  Probe  
  50  7:33  Sentry  
  50  7:34  Probe  
  50  7:36  Probe  
  54  7:38  Blink  
  54  7:42  Sentry  
  57  7:46  Probe  
  57  7:48  Robotics Facility  
  57  7:50  Probe  
  57  7:51  Protoss Ground Armor Level 1, Adept  
  61  7:58  Probe  
  61  8:00  Stalker  
  61  8:02  Probe  
  65  8:08  Stalker  
  65  8:10  Probe, Photon Cannon  
  68  8:14  Probe  
  68  8:17  Zealot  
  71  8:20  Photon Cannon  
  71  8:22  Probe  
  71  8:25  Pylon  
  71  8:26  Probe  
  73  8:31  Pylon  
  73  8:34  Probe  
  73  8:36  Observer  
  73  8:37  Stargate  
  73  8:38  Probe  
  76  8:46  Forge  
  76  8:47  Probe  
  77  8:50  Probe  
  77  8:54  Photon Cannon  
  78  8:58  Observer  
  78  8:59  Probe  
  78  9:00  Photon Cannon  
  80  9:02  Probe  
  81  9:11  Probe  
  81  9:15  Probe  
  83  9:23  Probe  
  84  9:28  Assimilator  
  84  9:32  Assimilator  
  84  9:46  Stalker  
  84  9:51  Probe  
  84  9:52  Probe  
  76  9:55  Stalker  
  66  10:03  Probe  
  66  10:04  Stalker  
  66  10:05  Probe  
  62  10:13  Zealot  
  64  10:15  Probe  
  64  10:16  Gateway  
  65  10:22  Stargate  
  65  10:23  Zealot  
  65  10:24  Robotics Facility  
  67  10:33  Adept  
  69  10:41  Warp Prism  
  69  10:42  Adept  
  73  10:51  Sentry  
  73  10:54  Pylon  
  75  11:01  Zealot  
  77  11:10  Sentry, Gateway  
  75  11:12  Zealot  
  75  11:13  Observer  
  75  11:17  Stargate, Warp Prism  
  72  11:21  Stalker  
  68  11:31  Stalker  
  67  11:34  Warp Prism  
  67  11:35  Probe  
  67  11:36  Zealot x2  
  74  11:45  Void Ray, Zealot  
  74  11:47  Zealot  
  74  11:51  Zealot  
  74  11:54  Observer, Void Ray  
  74  12:01  Zealot  
  74  12:04  Zealot  
  74  12:05  Zealot  
  74  12:06  Zealot  
  62  12:12  Zealot  
  37  12:30  Pylon  
  37  12:35  Stalker  
Show
View Real Time Build Order
Export as new Build Order

SI 5 (Trudniejsza) Protoss 

Build Orders:  

Get SALT Encoding   

  12  0:01  Probe  
  13  0:13  Probe  
  14  0:22  Pylon  
  14  0:25  Probe  
  15  0:36  Probe  
  16  0:44  Probe  
  16  0:49  Assimilator  
  17  0:53  Probe, Gateway  
  18  1:01  Probe  
  18  1:02  Pylon  
  19  1:21  Probe  
  20  1:40  Zealot  
  20  1:42  Gateway  
  20  1:44  Cybernetics Core  
  22  1:48  Assimilator  
  22  1:58  Zealot  
  22  2:04  Pylon  
  24  2:25  Zealot  
  26  2:31  Warp Gate  
  26  2:32  Stalker  
  28  2:41  Pylon  
  28  2:52  Adept  
  30  3:02  Zealot  
  32  3:22  Zealot  
  34  3:29  Stalker  
  36  3:35  Pylon  
  36  3:49  Stalker  
  36  3:53  Probe  
  36  3:54  Adept  
  41  4:05  Probe  
  41  4:09  Pylon  
  42  4:17  Probe  
  43  4:26  Forge, Zealot  
  43  4:29  Probe  
  46  4:37  Zealot  
  48  4:41  Probe  
  48  4:47  Zealot  
  50  4:53  Probe  
  50  4:58  Stalker  
  53  5:05  Probe  
  54  5:17  Probe  
  55  5:30  Probe  
  56  6:23  Adept  
  58  6:26  Gateway  
  58  6:29  Twilight Council  
  58  6:31  Sentry  
  58  6:32  Pylon  
  60  6:35  Photon Cannon  
  60  6:36  Nexus  
  60  6:39  Adept, Protoss Ground Weapons Level 1  
  61  6:43  Photon Cannon  
  61  6:50  Probe  
  61  6:53  Pylon  
  62  6:54  Charge, Stalker  
  58  7:02  Stalker  
  38  7:17  Stalker  
  40  7:25  Zealot  
  42  7:33  Adept  
  44  7:42  Adept  
  46  7:49  Probe x2  
  46  7:50  Stalker  
  50  7:58  Stalker  
  50  8:01  Probe  
  50  8:04  Probe  
  54  8:06  Stalker  
  56  8:13  Probe  
  56  8:14  Adept  
  56  8:17  Probe, Robotics Facility  
  60  8:22  Adept  
  60  8:25  Probe  
  63  8:28  Blink  
  63  8:29  Probe  
  63  8:30  Sentry  
  63  8:32  Pylon  
  66  8:37  Probe  
  66  8:39  Zealot  
  66  8:41  Probe  
  69  8:48  Protoss Ground Armor Level 1  
  70  8:49  Probe x2  
  70  8:50  Pylon  
  70  8:53  Stargate  
  72  8:57  Forge  
  72  8:59  Probe  
  72  9:02  Probe  
  73  9:06  Observer  
  75  9:11  Probe, Photon Cannon  
  75  9:14  Probe  
  75  9:15  Photon Cannon  
  75  9:16  Zealot  
  71  9:18  Photon Cannon  
  61  9:24  Adept  
  61  9:27  Observer  
  50  9:32  Stalker  
  48  9:40  Stalker  
  49  9:48  Zealot  
  51  9:53  Assimilator  
  51  9:56  Adept  
  51  9:58  Assimilator  
  51  10:04  Adept  
  47  10:08  Probe  
  47  10:12  Sentry  
  50  10:16  Probe  
  50  10:17  Observer  
  50  10:20  Probe, Adept  
  55  10:28  Probe, Stalker  
  58  10:36  Stalker  
  58  10:38  Gateway  
  58  10:41  Void Ray  
  57  10:45  Stalker  
  53  10:52  Adept  
  50  10:59  Sentry  
  54  11:09  Zealot  
  54  11:13  Adept  
  53  11:23  Adept  
  58  11:31  Stalker  
  53  11:37  Zealot  
  53  11:38  Zealot  
  30  11:56  Probe  
  27  12:04  Gateway  
  19  12:32  Probe  
  20  12:43  Pylon  
  20  12:44  Probe  
  21  12:58  Zealot  
Tags
 
Add a new tag
Caveats
  • Supply blocks, unpowered buildings, or Contaminate may cause inaccurate times.
  • Supply counts are checked every 10 seconds.